Map: Frozen Temple

Players

Kelazhur - Winner!

  • Race: Terran Terran
  • League: Master

RuFF

  • Race: Terran Terran
  • League: Master

VOD

Have the link to the VOD?

Description

Time

  • Played on: May 21, 2016, 10:35 p.m.
  • Length: 4:44
Show
View Real Time Build Order
Export as new Build Order

Kelazhur Terran - Winner!

Build Orders: 1/1/1, Liberator Opening 

Get SALT Encoding   

  12  0:00  SCV  
  13  0:13  SCV  
  14  0:17  Supply Depot  
  14  0:25  SCV  
  14  0:27  Refinery  
  15  0:39  SCV  
  16  0:45  Barracks  
  16  0:51  SCV  
  16  0:55  Refinery  
  17  1:03  SCV  
  18  1:15  SCV  
  20  1:33  Factory  
  20  1:34  Orbital Command  
  20  1:35  Reaper  
  20  1:46  Supply Depot  
  20  1:59  SCV  
  21  2:07  Reaper  
  22  2:12  SCV  
  23  2:16  Hellion  
  23  2:17  Starport  
  25  2:24  SCV  
  25  2:29  Supply Depot  
  26  2:39  Liberator, Reaper, Hellion  
  26  2:44  SCV  
  30  2:58  Supply Depot  
  33  2:59  SCV  
  33  3:02  Hellion  
  36  3:11  Reaper  
  36  3:12  SCV  
  34  3:24  Hellion  
  34  3:25  SCV  
  37  3:39  Starport Tech Lab  
  37  3:43  Reaper  
  37  3:45  Hellion, SCV  
  37  3:46  Supply Depot  
  41  4:11  Hellion  
  41  4:14  SCV  
  47  4:19  Command Center  
Show
View Real Time Build Order
Export as new Build Order

RuFF Terran 

Build Orders:  

Get SALT Encoding   

  12  0:00  SCV  
  13  0:13  SCV  
  14  0:21  Supply Depot  
  14  0:25  SCV  
  15  0:33  Refinery  
  15  0:42  SCV  
  16  0:45  Barracks  
  16  0:54  SCV  
  17  1:09  Barracks  
  17  1:10  SCV  
  18  1:23  Barracks  
  18  1:27  SCV  
  19  1:33  Reaper  
  20  1:42  Orbital Command  
  20  1:50  Refinery  
  20  2:02  Reaper  
  20  2:05  Reaper  
  22  2:12  Reaper  
  23  2:16  SCV  
  24  2:27  Supply Depot  
  24  2:28  SCV  
  25  2:34  Reaper  
  26  2:38  Reaper  
  26  2:40  SCV  
  28  2:45  Reaper  
  29  3:06  Reaper  
  29  3:10  Reaper  
  31  3:16  Supply Depot  
  31  3:20  Reaper  
  32  3:27  SCV  
  32  3:33  Command Center  
  33  3:39  Marine  
  34  3:53  Marine  
  36  3:57  Marine  
  36  3:58  Marine  
  36  4:11  Marine  
  36  4:15  Marine  
  36  4:16  Marine  
Tags
 
Add a new tag
Caveats
  • Supply blocks, unpowered buildings, or Contaminate may cause inaccurate times.
  • Supply counts are checked every 10 seconds.